 Dungeon Crawl Stone Soup version 0.23.0 (webtiles) character file.

Game seed: 5403605565001320261

1082 DrChives the Bolt Thrower (level 8, -5/63 HPs)
             Began as a Centaur Arcane Marksman on Feb 17, 2019.
             Was an Initiate of Fedhas.
             Slain by a wight
             ... wielding a +4 mace
              (9 damage)
             ... on level 6 of the Dungeon.
             The game lasted 00:28:02 (3954 turns).

DrChives the Bolt Thrower (Centaur Arcane Marksman) Turns: 3954, Time: 00:28:03

Health: -5/63      AC:  9    Str: 13    XL:     8   Next: 8%
Magic:  4/12       EV: 10    Int: 14    God:    Fedhas [......]
Gold:   133        SH:  0    Dex: 17    Spells: 3/12 levels left

rFire    . . .     SeeInvis .   a - +3 hand crossbow
rCold    . . .     Gourm    .   (no shield)
rNeg     . . .     Faith    .   e - +2 robe
rPois    +         Spirit   .   (no helmet)
rElec    .         Reflect  .   t - +2 cloak {rPois}
rCorr    +         Harm     .   (no gloves)
MR       .....                  (no barding)
Stlth    +.........             (no amulet)
HPRegen  0.20/turn              i - +5 ring of dexterity
MPRegen  0.13/turn              p - ring of resist corrosion

@: heavily drained, very quick
A: large, hooves 3, agile 1, deformed body, speed 2, poison resistance, tough
skin 3
a: Fungal Bloom, Renounce Religion


You were on level 6 of the Dungeon.
You worshipped Fedhas.
Fedhas was noncommittal.
You were not hungry.

You visited 1 branch of the dungeon, and saw 6 of its levels.

You collected 181 gold pieces.
You spent 48 gold pieces at shops.

Inventory:

Hand Weapons
 a - a +3 hand crossbow (weapon)
 b - a +0 mace
 j - a +3 dagger of venom
 s - a +2 quarterstaff of chaos
Missiles
 d - 10 bolts (quivered)
Armour
 e - a +2 robe (worn)
 o - a +2 cloak
 t - a +2 cloak of poison resistance (worn)
Jewellery
 i - a +5 ring of dexterity (left hand)
 p - a ring of resist corrosion (right hand)
 u - a cursed -6 ring of intelligence {unknown}
Scrolls
 c - 5 scrolls of identify {unknown}
 g - a scroll of random uselessness {unknown}
 h - a scroll of amnesia {unknown}
 k - 3 scrolls of teleportation
 l - a scroll of fear {unknown}
 q - a scroll of noise {unknown}
 r - a scroll of blinking
Potions
 m - a potion of magic {unknown}
 n - a potion of cancellation {unknown}
Comestibles
 f - 9 rations


   Skills:
 + Level 3.1(1.9) Fighting
 + Level 2.5(1.4) Short Blades
 + Level 5.4(4.2) Crossbows
 + Level 3.2(2.0) Dodging
 + Level 0.3(0.0) Stealth
 + Level 2.9(1.7) Spellcasting
 + Level 4.6(3.4) Hexes


You had 3 spell levels left.
You knew the following spells:

 Your Spells              Type           Power        Failure   Level  Hunger
a - Corona                Hex            ##.....      6%          1    ##.....
b - Slow                  Hex            ##......     9%          2    ###....
c - Portal Projectile     Hex/Tloc       #.....       36%         3    ####...
d - Inner Flame           Hex/Fire       #.......     36%         3    ####...

Your spell library contained the following spells:

 Spells                   Type           Power        Failure   Level  Hunger
 Cause Fear               Hex            ##........   52%         4    #####..
 Leda's Liquefaction      Hex/Erth       #.........   77%         4    #####..


Dungeon Overview and Level Annotations

Branches:
Dungeon (6/15)
 Temple: D:4-7

Altars:
Ashenzari
Cheibriados
Fedhas
Ru
Sif Muna
Uskayaw
Xom
Zin

Shops:
D:4 !*:*?

Annotations:
D:3 Natasha


Innate Abilities, Weirdness & Mutations

You have hooves in place of feet.
Armour fits poorly on your strangely shaped body.
You cover ground very quickly.
You have extremely tough skin. (AC +3)
You are agile. (Dex +2)
Your system is resistant to poisons. (rPois)


Message History

You shoot a bolt. The bolt closely misses the wight.
The wight hits you but does no damage. The wight barely misses you.
The wight closely misses you.
Firing (i - inventory)
d - 11 bolts (quivered)
Press: ? - help, Shift-Dir - straight line, f/p - wight
Aim: a wight, wielding a +4 mace and wearing a +0 robe (severely damaged)
You shoot a bolt.
The bolt hits the wight but does no damage.
The wight is severely damaged.
The wight hits you with a cursed -3 morningstar.
* * * LOW HITPOINT WARNING * * *
You feel drained.
* * * LOW HITPOINT WARNING * * *
The wight hits you with a +2 battleaxe.
* * * LOW HITPOINT WARNING * * *
You feel drained.
* * * LOW HITPOINT WARNING * * *
The wight hits you with a +4 mace!
You die...
Fedhas appreciates your contribution to the ecosystem.

## .. ####.#
#@z((#
#zz(.#
..Z....#
#.........>
#......(....
#.#....##...
#.#....# #.#
#.##.#.# ##


You could see 3 wights and a hound zombie.

Vanquished Creatures
  Sigmund (D:3)
  An ice beast (D:5)
  A sky beast (D:5)
  A phantom (D:4)
  2 bullfrogs
  A scorpion (D:5)
  A howler monkey (D:6)
  A bullfrog skeleton (D:6)
  Crazy Yiuf (D:5)
  An orc wizard (D:4)
  Jessica (D:3)
  Terence (D:3)
  An iguana (D:5)
  4 worker ants
  Natasha (D:3)
  6 adders
  An ooze (D:3)
  2 worms (D:2)
  An adder skeleton (D:5)
  5 dart slugs
  5 leopard geckos
  3 ball pythons
  6 bats
  6 giant cockroaches
  8 goblins
  4 hobgoblins
  3 jackals (D:4)
  7 kobolds
  A quokka (D:4)
  6 frilled lizards
  A jackal skeleton (D:5)
  10 rats
94 creatures vanquished.

Notes
Turn   | Place    | Note
-------+----------+-------------------------------------------
     0 | D:1      | DrChives the Centaur Arcane Marksman began the quest for
                  | the Orb.
     0 | D:1      | Reached XP level 1. HP: 16/16 MP: 2/2
    92 | D:1      | Reached XP level 2. HP: 22/23 MP: 0/3
   411 | D:1      | Reached XP level 3. HP: 28/28 MP: 2/4
   417 | D:1      | Learned a level 2 spell: Slow
   921 | D:2      | Reached skill level 3 in Crossbows
   921 | D:2      | Reached XP level 4. HP: 21/35 MP: 2/6
  1051 | D:2      | Noticed a bullfrog
  1063 | D:2      | Killed a bullfrog
  1063 | D:2      | Reached XP level 5. HP: 25/40 MP: 7/7
  1068 | D:2      | Learned a level 3 spell: Portal Projectile
  1532 | D:3      | Noticed Terence
  1559 | D:3      | Killed Terence
  1559 | D:3      | Reached skill level 4 in Crossbows
  1607 | D:3      | Gained mutation: Your system is resistant to poisons.
                  | (rPois) [potion of mutation]
  1607 | D:3      | Gained mutation: You are agile. (Dex +2) [potion of
                  | mutation]
  1858 | D:3      | Noticed Sigmund
  1873 | D:3      | Killed Sigmund
  1873 | D:3      | Reached skill level 1 in Short Blades
  1873 | D:3      | Reached XP level 6. HP: 29/48 MP: 7/9
  1876 | D:3      | Found a glowing silver altar of Zin.
  1931 | D:3      | Noticed Natasha
  1935 | D:3      | Killed Natasha
  2110 | D:3      | Noticed Natasha
  2361 | D:3      | Found a sacrificial altar of Ru.
  2372 | D:3      | Noticed Jessica
  2384 | D:3      | Killed Jessica
  2437 | D:4      | Found Gosijaz's General Store.
  2507 | D:4      | Reached XP level 7. HP: 27/56 MP: 6/10
  2512 | D:4      | Learned a level 3 spell: Inner Flame
  2537 | D:4      | Bought 20 bolts for 48 gold pieces
  2548 | D:4      | Found Myory Bosie's Magic Scroll Boutique.
  2592 | D:4      | Found a hide-covered altar of Uskayaw.
  2625 | D:4      | Found a blossoming altar of Fedhas.
  2641 | D:4      | Became a worshipper of Fedhas Madash
  2652 | D:4      | Noticed an oklob plant
  2718 | D:4      | Found Bugon's Assorted Antiques.
  2856 | D:4      | Found Neeruxt's Book Shoppe.
  2900 | D:4      | Found a deep blue altar of Sif Muna.
  3172 | D:4      | Found a snail-covered altar of Cheibriados.
  3220 | D:4      | Found Byuleed's Distillery.
  3312 | D:5      | Entered Level 5 of the Dungeon
  3346 | D:5      | Found a shimmering altar of Xom.
  3349 | D:5      | Found a shimmering altar of Xom.
  3448 | D:5      | Found a shattered altar of Ashenzari.
  3529 | D:5      | Found a runed translucent door.
  3530 | D:5      | Noticed Crazy Yiuf
  3541 | D:5      | Killed Crazy Yiuf
  3710 | D:5      | Reached skill level 5 in Crossbows
  3932 | D:6      | Reached XP level 8. HP: 59/63 MP: 1/12
  3954 | D:6      | Slain by a wight

Skill      XL: |  1  2  3  4  5  6  7 |
---------------+----------------------+-----
Hexes          | 3 4 |  4.6
Crossbows      | 3 4 5 |  5.4
Fighting       | 2 3 |  3.1
Short Blades   | 1 2 |  2.5
Dodging        | 2 3 |  3.2
Spellcasting   | 2 |  2.9
Stealth        | |  0.3

Action                   |  1- 3 |  4- 6 |  7- 9 || total
-------------------------+-------+-------+-------++-------
Melee: Hand crossbow     |     9 |     4 |    19 ||    32
       Kick              |     3 |    25 |     4 ||    32
       Dagger            |       |   107 |     2 ||   109
 Fire: Hand crossbow     |    92 |     5 |    75 ||   172
 Cast: Corona            |    38 |    10 |     9 ||    57
       Portal Projectile |       |       |     4 ||     4
  Use: Scroll            |     7 |       |     2 ||     9
       Potion            |       |     4 |       ||     4
  Eat: Ration            |       |     3 |       ||     3
Armor: Robe              |    38 |    56 |    47 ||   141
Dodge: Dodged            |    29 |    64 |    81 ||   174
